 Dungeon Crawl Stone Soup version 0.20.0-4-g10b340a (webtiles) character file.

18 Chiseanne the Vexing (level 2, 0/16 HPs)
             Began as a Deep Elf Arcane Marksman on May 28, 2017.
             Slain by a frilled lizard (2 damage)
             ... on level 1 of the Dungeon.
             The game lasted 00:01:36 (810 turns).

Chiseanne the Vexing (Deep Elf Arcane Marksman)      Turns: 810, Time: 00:01:37

Health: 0/16       AC:  3    Str:  7    XL:     2   Next: 51%
Magic:  6/6        EV: 12    Int: 17    God:
Gold:   23         SH:  0    Dex: 15    Spells: 3/4 levels left

rFire    . . .     SeeInvis .   a - -1 club (curse)
rCold    . . .     Gourm    .   (no shield)
rNeg     . . .     Faith    .   j - +0 leather armour
rPois    .         Spirit   .   (no helmet)
rElec    .         Reflect  .   (no cloak)
rCorr    .         Harm     .   (no gloves)
MR       .....                  (no boots)
Stlth    +.........             (no amulet)
Regen    0.1/turn               (no ring)
MPRegen  0.1/turn               (no ring)

@: no status effects
A: no striking features
a: no special abilities


You were on level 1 of the Dungeon.
You were not hungry.

You visited 1 branch of the dungeon, and saw 1 of its levels.

You collected 23 gold pieces.

Inventory:

Hand Weapons
 a - a cursed -1 club (weapon)
Missiles
 e - 24 stones (quivered)
Armour
 j - a +0 leather armour (worn)
Scrolls
 i - 4 scrolls of magic mapping
Potions
 g - a potion of brilliance {unknown}
Books
 b - a book of Debilitation

   Spells                             Type                      Level
   a - Corona                         Hexes                        1
   b - Slow                           Hexes                        2
   c - Inner Flame                    Hexes/Fire                   3
   d - Portal Projectile              Hexes/Translocation          3
   e - Cause Fear                     Hexes                        4
   f - Leda's Liquefaction            Hexes/Earth                  4
Comestibles
 f - a bread ration
 k - 4 chunks of flesh


   Skills:
 * Level 1.1 Fighting
 * Level 2.6 Throwing
 * Level 2.8 Dodging
 - Level 1.5 Spellcasting
 - Level 4.0 Hexes


You had 3 spell levels left.
You knew the following spells:

 Your Spells              Type           Power        Failure   Level  Hunger
a - Corona                Hex            ##.....      6%          1    ##.....


Dungeon Overview and Level Annotations

Branches:
Dungeon (1/15)

Altars:


Message History

The frilled lizard struggles against the net.
You barely miss the frilled lizard.
The frilled lizard struggles against the net.
You barely miss the frilled lizard.
The frilled lizard struggles against the net. x2
The net rips apart, and the frilled lizard comes free!
You closely miss the frilled lizard. The frilled lizard barely misses you.
You hit the frilled lizard but do no damage.
The frilled lizard bites you.
You closely miss the frilled lizard. The frilled lizard bites you.
* * * LOW HITPOINT WARNING * * *
The frilled lizard bites you.
* * * LOW HITPOINT WARNING * * *
Throwing (i - inventory. (,) - cycle):
d - a throwing net (quivered)
Press: ? - help, Shift-Dir - straight line, f/p - frilled lizard
Aim: a frilled lizard You throw a throwing net.
The throwing net completely misses the frilled lizard.
You closely miss the frilled lizard. The frilled lizard bites you.
You die...

......#.##.#.# #.#
#######......# #.# #####
####.### #.# ....# ##'##
#.# ###.# ##...## #.#
###.# ##.....## ##.#######
.##.###.......###.......>.
..#.##.........###....#.#
.....'.........'@l(....(#
..#.##...>.....####.....#
....###.......## #..#.##
.#### ##.....## #.##.# .#
##...## #.. . .# ##+## ###
## .# #.# .# #.# . .h.


You could see a frilled lizard.

Vanquished Creatures
  A gnoll (D:1)
  A dart slug (D:1)
  A bat (D:1)
  A hobgoblin (D:1)
  A ball python (D:1)
  3 frilled lizards (D:1)
  A rat (D:1)
9 creatures vanquished.

Notes
Turn   | Place    | Note
-------+----------+-------------------------------------------
     0 | D:1      | Chiseanne the Deep Elf Arcane Marksman began the quest for the Orb.
     0 | D:1      | Reached XP level 1. HP: 11/11 MP: 5/5
     2 | D:1      | Noticed a ghoul
     4 | D:1      | Noticed a halfling
     4 | D:1      | Noticed a vine stalker
     6 | D:1      | Noticed a centaur
     6 | D:1      | Noticed a minotaur
     8 | D:1      | Noticed a dwarf
    10 | D:1      | Noticed a draconian
    10 | D:1      | Noticed a tengu
    12 | D:1      | Noticed a human
    12 | D:1      | Noticed a vampire
    14 | D:1      | Noticed an octopode
    14 | D:1      | Noticed a naga
    16 | D:1      | Noticed a formicid
    18 | D:1      | Noticed a demonspawn
    18 | D:1      | Noticed a troll
    20 | D:1      | Noticed a felid
    20 | D:1      | Noticed a spriggan
    22 | D:1      | Noticed a merfolk
    22 | D:1      | Noticed an elf
    24 | D:1      | Noticed a gargoyle
    24 | D:1      | Noticed an ogre
    26 | D:1      | Noticed a demigod
    83 | D:1      | Reached skill level 1 in Fighting
    83 | D:1      | Reached XP level 2. HP: 16/16 MP: 6/6
   810 | D:1      | Slain by a frilled lizard

Skill      XL: |  1 |
---------------+----+-----
Fighting       | 1 |  1.1
Throwing       | |  2.6
Dodging        | |  2.8
Spellcasting   | |  1.5
Hexes          | |  4.0

Action                   || total
-------------------------++-------
Melee: Unarmed           ||    81
       Club              ||    10
Throw: Javelin           ||    11
       Throwing net      ||     3
 Cast: Corona            ||     4
  Use: Scroll            ||     2
 Stab: Held in net/web   ||     1
Armor: Robe              ||    18
       Leather armour    ||     6
Dodge: Dodged            ||    76
